 Dungeon Crawl Stone Soup version 0.26-a0-540-g8a0c9464d7 (webtiles) character file.

Game seed: 14675928846128247515

14655 HoaS the Grappler (level 11, -10/113 HPs)
             Began as a Troll Monk on Aug 19, 2020.
             Was a High Priest of Makhleb.
             Mangled by a two-headed ogre
             ... wielding a cursed +0 giant club
              (26 damage)
             ... in a volcano.
             The game lasted 00:24:16 (9185 turns).

HoaS the Grappler (Troll Monk)                      Turns: 9185, Time: 00:24:17

Health: -10/113    AC:  8    Str: 21    XL:     11   Next: 91%
Magic:  10/10      EV: 23    Int:  6    God:    Makhleb [*****.]
Gold:   773        SH:  0    Dex: 15    Spells: 10/10 levels left

rFire    . . .     SeeInvis .     - Unarmed
rCold    + . .     Faith    .   (no shield)
rNeg     . . .     Spirit   .   y - +2 robe {rC+}
rPois    .         Reflect  .   (helmet restricted)
rElec    .         Harm     .   w - scarf {repulsion}
rCorr    .                      (gloves unavailable)
MR       .....                  (boots unavailable)
Stlth    ++........             (no amulet)
HPRegen  0.68/turn              p - +4 ring of evasion
MPRegen  0.12/turn              q - +4 ring of evasion

@: repel missiles
A: large, unfitting armour, claws 3, regeneration 1, shaggy fur 1, tough skin 3
a: Minor Destruction, Lesser Servant of Makhleb, Major Destruction, Greater
Servant of Makhleb, Renounce Religion


You were in a volcano.
You worshipped Makhleb.
Makhleb was extremely pleased with you.
You visited 3 branches of the dungeon, and saw 13 of its levels.
You also visited: Volcano.

You collected 773 gold pieces.

Inventory:

Hand Weapons
 b - a +3 giant spiked club
 A - a +0 antimagic club
Armour
 w - a scarf of repulsion (worn)
 y - a +2 robe of cold resistance (worn)
Jewellery
 c - an uncursed ring of ice
 e - an uncursed ring of ice
 p - a +4 ring of evasion (left claw)
 q - a +4 ring of evasion (right claw)
Wands
 g - a wand of paralysis (6)
 i - a wand of random effects (54)
 u - a wand of acid (4)
 v - a wand of disintegration (19)
 B - a wand of iceblast (9)
Scrolls
 a - a scroll of blinking
 j - 7 scrolls of magic mapping
 k - 9 scrolls of remove curse
 l - 4 scrolls of teleportation
 o - a scroll of identify
 t - 2 scrolls of enchant armour
Potions
 d - a potion of mutation {unknown}
 f - a potion of heal wounds
 h - 5 potions of curing
 m - 3 potions of flight
 n - 3 potions of lignification
 r - 4 potions of haste
 s - a potion of cancellation {unknown}
 x - 2 potions of might
 z - a potion of magic {unknown}


   Skills:
 + Level 8.6 Fighting
 + Level 8.7 Dodging
 - Level 1.0 Stealth
 * Level 13.6 Unarmed Combat


You had 10 spell levels left.
You didn't know any spells.
Your spell library contained the following spells:

 Spells                   Type           Power        Failure   Level
 Animate Skeleton         Necr           #.....       45%         1
 Apportation              Tloc           #.....       45%         1
 Corona                   Hex            #......      45%         1
 Summon Small Mammal      Summ           #...         45%         1
 Poisonous Vapours        Pois/Air       #.....       58%         2
 Conjure Flame            Conj/Fire      #.......     83%         3
 Mephitic Cloud           Conj/Pois/Air  #.......     83%         3
 Freezing Cloud           Conj/Ice/Air   #.........   100%        6


Dungeon Overview and Level Annotations

Branches:
Dungeon (10/15)            Temple (1/1) D:4            Lair (2/6) D:10
    Orc (0/2) D:10        Volcano (1/1)
  Swamp: Lair:2-4    Shoals: Lair:2-4     Snake: Lair:2-4    Spider: Lair:2-4

Altars:
Ashenzari
Cheibriados
Dithmenos
Elyvilon
Fedhas
Gozag
Hepliaklqana
Kikubaaqudgha
Makhleb
Nemelex Xobeh
Okawaru
Qazlal
Ru
Sif Muna
Trog
Uskayaw
Vehumet
Wu Jian
Xom
Yredelemnul
Zin
The Shining One
Lugonu

Shops:
D:10 }


Innate Abilities, Weirdness & Mutations

You are too large for most types of armour.
You have claws for hands.
Your natural rate of healing is unusually fast.
You are covered in fur. (AC +1)
You have extremely tough skin. (AC +3)


Message History

The two-headed ogre is heavily wounded.
You barely miss the two-headed ogre.
The two-headed ogre is heavily wounded.
The two-headed ogre completely misses you.
The two-headed ogre hits you with a +0 giant club of flaming.
The two-headed ogre burns you.
You mangle the two-headed ogre!!
The two-headed ogre is almost dead.
You closely miss the two-headed ogre.
The two-headed ogre is almost dead.
The two-headed ogre misses you.
The two-headed ogre hits you with a +0 giant club of flaming!
* * * LOW HITPOINT WARNING * * *
The two-headed ogre burns you.
* * * LOW HITPOINT WARNING * * *
You scratch the two-headed ogre but do no damage.
The two-headed ogre is almost dead.
The two-headed ogre barely misses you.
The two-headed ogre hits you with a +0 giant club of flaming!!
You die...

§≈§≈≈≈≈≈≈§≈≈≈≈≈≈≈§≈§≈§§§≈≈≈§§§§
≈≈§≈≈≈§≈≈§○≈§≈§§≈≈≈§§§≈§§≈≈≈§≈
.≈≈≈≈§°§.≈○≈≈≈.§≈≈.§§§§≈§≈≈≈≈≈
≈≈≈..§§≈≈°○..≈≈≈.≈§.≈≈.≈≈≈≈≈≈§
...........^^^............#
..#####..§##+##...#####...####
.##...##.## ##.##$..##..##.##
.#!....#.# #.#.....#..#.#∩#
.#.[...#(# #@#.Occ.#.°#.#∩#
.##...##)## ##O##°°°##☼○#°###
..##'##.).#####.c.##'##.°°°##
....................(..°..##
.≈..≈.≈.≈..≈≈≈≈≈≈≈..§≈≈≈.≈≈≈≈≈≈≈≈
≈≈.≈≈≈≈≈.≈≈≈.≈≈≈.≈≈≈≈≈.≈≈≈≈≈≈≈≈≈≈
≈≈≈≈≈≈≈≈≈≈≈≈≈≈≈≈≈≈≈≈≈≈(§≈≈≈≈≈≈≈≈≈
≈≈≈≈≈≈≈≈≈≈≈≈≈≈≈≈≈≈≈≈≈≈≈≈≈≈≈≈≈≈≈≈≈
≈≈≈≈≈≈≈≈≈≈≈≈≈≈≈≈≈≈≈≈§≈°≈≈≈≈≈≈≈≈≈≈


You could see a two-headed ogre and a centaur.

Vanquished Creatures
  Fannar (Lair:1)
  2 two-headed ogres
  Pikel (D:4)
  4 cane toads (Lair:1)
  A troll (D:10)
  5 hippogriffs
  4 blink frogs (Lair:1)
  2 wyverns
  Sigmund (D:4)
  A wraith (D:10)
  3 yaks (D:10)
  2 humans (D:9)
  An acid dragon (D:9)
  3 hell hounds (Volcano)
  5 water moccasins (Lair:1)
  2 black bears
  5 ice beasts
  3 sky beasts
  3 orc warriors
  6 ogres
  5 phantoms
  2 eyes of draining (D:4)
  2 necrophages (D:7)
  7 centaurs
  3 crocodiles (Lair:1)
  A big kobold (D:10)
  11 bullfrogs
  2 wyvern skeletons (D:7)
  3 scorpions
  8 killer bees
  13 wights
  2 centaur zombies
  A bullfrog zombie (D:9)
  9 hounds
  3 jellies
  4 orc priests
  2 centaur skeletons
  2 gnoll shamans
  2 iguanas
  Ijyb (D:4)
  Terence (D:3)
  10 orc wizards
  8 worker ants
  3 mummies (D:9)
  4 gnolls
  A howler monkey skeleton (D:7)
  10 adders
  2 shadow imps
  4 white imps
  2 ufetubi
  2 oozes
  2 adder zombies
  An adder skeleton (D:8)
  A worm (D:2)
  4 dart slugs
  5 leopard geckos
  21 orcs
  2 ball pythons
  6 giant cockroaches
  7 goblins
  6 hobgoblins
  5 jackals
  13 kobolds
  4 quokkas
  9 bats
  4 frilled lizards
  2 jackal skeletons
  A leopard gecko zombie (D:5)
  A quokka skeleton (D:10)
  7 rats
286 creatures vanquished.

Vanquished Creatures (others)
  A quokka zombie (D:8)
1 creature vanquished.

Grand Total: 287 creatures vanquished

Notes
Turn   | Place    | Note
-------+----------+-------------------------------------------
     0 | D:1      | HoaS the Troll Monk began the quest for the Orb.
     0 | D:1      | Reached XP level 1. HP: 22/22 MP: 0/0
    53 | D:1      | Reached XP level 2. HP: 29/29 MP: 1/1
   383 | D:1      | Reached XP level 3. HP: 36/36 MP: 2/2
   499 | D:2      | Found a stormy altar of Qazlal.
   500 | D:2      | Noticed an earth elemental
   501 | D:2      | Noticed an air elemental
   501 | D:2      | Noticed a water elemental
   501 | D:2      | Noticed a fire elemental
   631 | D:2      | Found a basalt altar of Yredelemnul.
   983 | D:3      | Found a hazy altar of Hepliaklqana.
   995 | D:3      | Reached skill level 4 in Unarmed Combat
  1078 | D:3      | Found a blossoming altar of Fedhas.
  1102 | D:3      | Found a glowing golden altar of the Shining One.
  1109 | D:3      | Reached XP level 4. HP: 40/44 MP: 3/3
  1282 | D:3      | Found a faded altar of an unknown god.
  1470 | D:3      | Noticed Terence
  1490 | D:3      | Killed Terence
  1769 | D:3      | Reached XP level 5. HP: 34/53 MP: 4/4
  1861 | D:4      | Reached skill level 5 in Unarmed Combat
  1886 | D:4      | Noticed Ijyb
  1897 | D:4      | Noticed an ogre
  1899 | D:4      | Killed Ijyb
  1914 | D:4      | Killed an ogre
  1914 | D:4      | Reached XP level 6. HP: 58/61 MP: 5/5
  1990 | D:4      | Noticed Sigmund
  2095 | D:4      | Killed Sigmund
  2095 | D:4      | Reached skill level 6 in Unarmed Combat
  2095 | D:4      | Reached XP level 7. HP: 63/70 MP: 6/6
  2154 | D:4      | Found a bloodstained altar of Trog.
  2202 | D:4      | Noticed Pikel
  2211 | D:4      | Killed Pikel
  2211 | D:4      | Reached skill level 7 in Unarmed Combat
  2211 | D:4      | Reached XP level 8. HP: 71/79 MP: 5/7
  2279 | D:4      | Found a staircase to the Ecumenical Temple.
  2288 | Temple   | Entered the Ecumenical Temple
  2321 | Temple   | Became a worshipper of Makhleb the Destroyer
  2321 | Temple   | Reached * piety under Makhleb
  2321 | Temple   | Reached ** piety under Makhleb
  2343 | D:4      | Reached skill level 8 in Unarmed Combat
  2368 | D:4      | You fall into a shaft and drop 3 floors!
  2458 | D:7      | Reached skill level 5 in Fighting
  2458 | D:7      | Reached skill level 5 in Dodging
  2683 | D:6      | Reached XP level 9. HP: 65/88 MP: 8/8
  2740 | D:5      | Entered Level 5 of the Dungeon
  2840 | D:5      | Reached skill level 9 in Unarmed Combat
  3454 | D:5      | Reached *** piety under Makhleb
  3567 | D:5      | Found an opulent altar of Gozag.
  3987 | D:6      | Found a shimmering blue altar of Sif Muna.
  3987 | D:6      | Found a radiant altar of Vehumet.
  3988 | D:6      | Found a sacrificial altar of Ru.
  4693 | D:7      | Reached skill level 10 in Unarmed Combat
  4734 | D:7      | Reached **** piety under Makhleb
  5232 | D:7      | Reached XP level 10. HP: 65/100 MP: 9/9
  5400 | D:8      | Noticed a two-headed ogre
  5440 | D:7      | Killed a two-headed ogre
  5440 | D:7      | Reached skill level 11 in Unarmed Combat
  5898 | D:8      | Found an ornate altar of the Wu Jian Council.
  5950 | D:8      | Found a sparkling altar of Nemelex Xobeh.
  6149 | D:9      | Found a glowing silver altar of Zin.
  6214 | D:9      | Reached ***** piety under Makhleb
  6234 | D:9      | Found a shattered altar of Ashenzari.
  6492 | D:9      | Found an iron altar of Okawaru.
  6505 | D:9      | Reached skill level 12 in Unarmed Combat
  6601 | D:10     | Entered Level 10 of the Dungeon
  6674 | D:10     | Found Ryavi's Gadget Emporium.
  6735 | D:10     | Found a staircase to the Lair.
  6896 | D:10     | Reached XP level 11. HP: 109/109 MP: 10/10
  6987 | D:10     | Found a staircase to the Orcish Mines.
  7500 | Lair:1   | Entered Level 1 of the Lair of Beasts
  7569 | Lair:1   | Noticed Fannar
  7584 | Lair:1   | Killed Fannar
  7712 | Lair:1   | Reached skill level 13 in Unarmed Combat
  8882 | Lair:2   | Found a dark tunnel.
  8891 | Volcano  | Entered a volcano
  8959 | Volcano  | Noticed a two-headed ogre
  8977 | Volcano  | Killed a two-headed ogre
  9166 | Volcano  | Noticed a two-headed ogre
  9185 | Volcano  | Mangled by a two-headed ogre

Illustrated notes

Levels and vault maps discovered:
D:1:      nzn_arrival_depleted_hourglass, layout_rooms
D:2:      layout_loops_cross, yredelemnul_altar_generic,
          nicolae_qazlal_style_of_elements
D:3:      layout_basic, overflow_temple_1_default, overflow_temple_1_default,
          lemuel_crystal_altar, chequers_ecumenical_altar_lobes, uniq_terence
D:4:      layout_rooms, trog_eyes_of_draining, minmay_temple_entry_butterflies,
          uniq_ijyb, uniq_pikel, uniq_sigmund
D:5:      layout_basic, nicolae_gozag_cash_rules_everything_around_me,
          minmay_manual_moon
D:6:      layout_rooms, gammafunk_temple_overflow_claw
D:7:      cheibrodos_barr_body, layout_layer_cave
D:8:      layout_cave_pools, kennysheep_mini, lemuel_doored_altar
D:9:      layout_rooms, okawaru_humans, zin_statuary, ashenzari_altar_1,
          serial_undead, serial_undead_c, serial_undead_b, serial_undead_d,
          serial_undead_e
D:10:     layout_irregular_city, lair_entry_dummy, orc_0_dummy, serial_shops,
          shop, minmay_misc_feat_rugged, minivault_1, kennysheep_generic_room_7
Temple:   corrupted_temple
Lair:1:   layout_chaotic_city, uniq_fannar
Lair:2:   layout_cave_shapes, nicolae_volcano_entry_two_sided
Volcano:  volcano_village

Skill      XL: |  1  2  3  4  5  6  7  8  9 10 11 |
---------------+----------------------------------+-----
Unarmed Combat | 4 5 6 7 8 10 12 13 | 13.6
Dodging        | 3 4 5 6 7 8 |  8.7
Fighting       | 3 4 5 6 7 8 |  8.6
Stealth        | |  1.0

Action                   |  1- 3 |  4- 6 |  7- 9 | 10-12 || total
-------------------------+-------+-------+-------+-------++-------
Melee: Unarmed           |    83 |   123 |   293 |   369 ||   868
       Punch             |     1 |     2 |    15 |    29 ||    47
Evoke: Wand              |       |       |       |     3 ||     3
  Use: Scroll            |    10 |       |     5 |    10 ||    25
       Potion            |       |       |       |     1 ||     1
 Stab: Sleeping          |     6 |     4 |     4 |     2 ||    16
       Distracted        |     1 |       |     1 |       ||     2
Armor: Robe              |    19 |    27 |    60 |    51 ||   157
Dodge: Dodged            |    28 |    75 |   238 |   390 ||   731
       Repelled          |       |       |       |     2 ||     2

Table legend: (Time is in decaauts)
 A = Elapsed time spent in this place.
 B = Non-inter-level travel time spent in this place.
 C = Inter-level travel time spent in this place.
 D = Time resting spent in this place.
 E = Time spent auto-exploring this place.
 F = Levels seen in this place.
 G = Mean time per level.
                   A        B        C        D        E       F      G
               +--------+--------+--------+--------+--------+-----+--------+
         Total |   9053 |   8085 |    968 |    664 |   5517 |  14 |  646.6 |
       Dungeon |   7907 |   7042 |    865 |    523 |   4930 |  10 |  790.7 |
        Temple |     47 |     47 |      0 |      0 |     31 |   1 |   47.0 |
          Lair |    813 |    710 |    103 |      0 |    497 |   2 |  406.5 |
       Volcano |    284 |    284 |      0 |    141 |     59 |   1 |  284.0 |
               +--------+--------+--------+--------+--------+-----+--------+

Top non-repeatable levels by time:
     D:7: 1606 daAuts
     D:3: 982 daAuts
    D:10: 954 daAuts
  Lair:1: 777 daAuts
     D:4: 727 daAuts
     D:6: 725 daAuts
     D:5: 684 daAuts
     D:9: 635 daAuts
     D:2: 548 daAuts
     D:8: 533 daAuts
     D:1: 510 daAuts
 Volcano: 284 daAuts
  Temple: 47 daAuts
  Lair:2: 35 daAuts
